 Dungeon Crawl Stone Soup version 0.28-a0-1143-gcf6077d4cc (webtiles) character file.

Game seed: 11870249382890718071

6645 spaghetti the Basher (level 10, -2/70 HPs)
             Began as a Demigod Artificer on Dec 14, 2021.
             Slain by a manticore (17 damage)
             ... on level 10 of the Dungeon.
             The game lasted 00:29:31 (14740 turns).

spaghetti the Basher (Demigod Artificer)           Turns: 14740, Time: 00:29:31

Health: -2/70      AC: 13    Str: 25    XL:     10   Next: 45%
Magic:  13/13      EV: 11    Int: 13    God:
Gold:   170        SH:  0    Dex: 14    Spells: 5/9 levels left

rFire   + . .      SeeInvis .   x - +5 whip "Gooru" {elec, +Blink rC+, mace}
rCold   + . .      Faith    .   (no shield)
rNeg    . . .      Spirit   .   a - +3 leather armour {Will+}
rPois   .          Reflect  .   (no helmet)
rElec   .          Harm     .   N - +0 cloak
rCorr   .          Rampage  .   j - +0 pair of gloves
Will    ++...                   J - +2 pair of boots
Stlth   +.........              I - amulet of regeneration {@e2}
HPRegen 1.01/turn               H - ring of protection from fire
MPRegen 0.13/turn               (no ring)

@: no status effects
A: high mp 1, forlorn, divine attributes
a: Evoke Blink


You were on level 10 of the Dungeon.
You visited 1 branch of the dungeon, and saw 10 of its levels.

You collected 384 gold pieces.
You spent 214 gold pieces at shops.


Innate Abilities, Weirdness & Mutations

You have an increased reservoir of magic. (+10% MP)
You shall have no god before yourself.
Your divine heritage dramatically boosts your attributes as you level up.


   Skills:
 - Level 0.8 Fighting
 + Level 10.2 Maces & Flails
 + Level 10.0 Armour
 - Level 0.8 Dodging
 - Level 0.8 Stealth
 - Level 6.0 Evocations


You had 5 spell levels left.
You knew the following spells:

 Your Spells              Type           Power      Damage    Failure   Level
a - Summon Small Mammal   Summ           0%         N/A       34%         1
b - Swiftness             Air            0%         N/A       71%         3

Your spell library contained the following spells:

 Spells                   Type           Power      Damage    Failure   Level
 Passwall                 Tmut/Erth      0%         N/A       45%         2
 Static Discharge         Conj/Air       0%         N/A       45%         2
 Call Canine Familiar     Summ           0%         N/A       71%         3
 Summon Guardian Golem    Hex/Summ       0%         N/A       71%         3
 Dispel Undead            Necr           0%         3d6       98%         4
 Sticky Flame             Conj/Fire      0%         2d3       98%         4
 Lightning Bolt           Conj/Air       0%         1d11      100%        5
 Maxwell's Capacitive Co  Air            0%         ∞         100%        8

Inventory:

Hand Weapons
 x - the +5 whip "Gooru" (weapon) {elec, +Blink rC+, mace}
   (You found it on level 4 of the Dungeon)

   It occasionally discharges a powerful burst of electricity upon striking a
   foe.
   rC:        It protects you from cold.
   +Blink:    It lets you blink.
Missiles
 f - 245 stones (quivered) {throwing}
 i - 167 arrows
 k - 16 poisoned darts {throwing}
 q - 75 bolts
 t - 11 boomerangs {throwing}
 w - 14 sling bullets
 C - 3 boomerangs of dispersal {=f!fthrowing}
 F - 4 throwing nets {=f!fthrowing}
Armour
 a - a +3 leather armour of willpower (worn)
   (You found it on level 9 of the Dungeon)
 j - a +0 pair of gloves (worn)
   (You found it on level 2 of the Dungeon)
 A - a +0 plate armour
   (You took it off an orc warrior on level 9 of the Dungeon)
 G - a +2 leather armour of fire resistance
   (You took it off an orc on level 7 of the Dungeon)
 J - a +2 pair of boots (worn)
   (You bought it in a shop on level 7 of the Dungeon)
 K - a scarf of harm
   (You found it on level 7 of the Dungeon)
 N - a +0 cloak (worn)
   (You took it off Maurice on level 8 of the Dungeon)
 P - a scarf of invisibility
   (You found it on level 9 of the Dungeon)
Magical Staves
 p - a staff of fire {!astaff}
   (You took it off a kobold on level 3 of the Dungeon)
Jewellery
 u - a ring of flight
   (You took it off an orc wizard on level 4 of the Dungeon)
 H - a ring of protection from fire (left hand)
   (You took it off Maggie on level 7 of the Dungeon)
 I - an amulet of regeneration (around neck) {@e2}
   (You found it on level 7 of the Dungeon)
 L - a ring of fire
   (You found it on level 8 of the Dungeon)
 O - an amulet of reflection
   (You found it on level 9 of the Dungeon)
Wands
 h - a wand of iceblast (2)
   (You found it on level 5 of the Dungeon)
 E - a wand of acid (5)
   (You found it on level 8 of the Dungeon)
Scrolls
 m - a scroll of holy word {unknown}
 n - 3 scrolls of vulnerability {unknown}
 s - 3 scrolls of magic mapping {!r}
 v - a scroll of immolation {unknown}
 y - 2 scrolls of amnesia {unknown}
 z - 2 scrolls of fear {unknown}
 B - a scroll of enchant weapon
Potions
 b - a potion of heal wounds {@q2}
 g - 3 potions of attraction {!q}
 o - a potion of cancellation
 r - a potion of curing {@q1}
 D - 2 potions of brilliance
Miscellaneous
 e - a piece from Xom's chessboard (5/15)

Dungeon Overview and Level Annotations

Branches:
Dungeon (10/15)            Temple (0/1) D:6
   Lair: D:8-11         Orc: D:9-12

Shops:
D:6 ?   D:7 [(   D:9 *

Annotations:
D:2 Sigmund!, Sigmund
D:3 exclusion: upstairs
D:6 Edmund
D:10 1 transporter, Deeps's ghost, journeyman MiFi

#####+###### ####)
#.# #.. #.# #.# #.##
#†# #..# ####'#
###'### #.[... ##
#.....#####.....
+..###.....'...'.....
#.H@'.....#####....<
#####.....# #.....
####### #..... #.....
######


You could see a manticore (corroded).


Message History

You whack the killer bee! The killer bee misses you. 😕 HP[+1]
You barely miss the killer bee.
The killer bee closely misses you. 😕 HP[+1]
You hit the killer bee. The killer bee stings you. 😕 HP[-2]
You take 2 damage, and now have 59/70 hp.
You hit the killer bee.
You kill the killer bee! 😕 HP[+1]
You barely miss the killer bee.
The killer bee stings you but does no damage.
You barely miss the killer bee. The killer bee completely misses you.
The killer bee stings you! 😕 HP[-6]
You take 6 damage, and now have 54/70 hp.
You whack the killer bee!
The killer bee closely misses you. 😕 HP[+1]
You hit the killer bee.
Lightning courses through the killer bee!
You kill the killer bee!
No reachable target in view!
No reachable target in view!
No reachable target in view!
No reachable target in view!
No reachable target in view!
Unknown command.
Things that are here:
a killer bee corpse; a killer bee corpse; a killer bee corpse 😕 HP[+1]
You start resting. 😎 HP[+14]
Your hp is fully restored (70).
Found an ichor-stained robe.
There is an open door here.
You open the door.
There is an open door here.
You open the door.
There is an open door here.
As you open the door, it creaks loudly!
There is an open door here.
There is an open door here.
You open the door.
A manticore comes into view.
Autopickup is now on.
The manticore flicks its tail.
The volley of spikes hits you!!
The barbed spikes become lodged in your body.
There is an open door here. 😮 HP[-19]
You take 19 damage, and now have 51/70 hp.
MASSIVE DAMAGE!! (PAUSE)
The barbs in your skin will harm you if you move.
Continue?
The barbed spikes dig painfully into your body as you move.
The manticore bites you. The manticore claws you. x2
* * * LOW HITPOINT WARNING * * *
😨 HP[-16]
You take 16 damage, and now have 35/70 hp.
MASSIVE DAMAGE!! (PAUSE) Unknown command.
Unknown command.
You whack the manticore! The manticore misses you. x2
The manticore claws you but does no damage.
You hit the manticore.
The manticore bites you but does no damage.
The manticore claws you but does no damage. x2 😮 HP[+1]
You hit the manticore. 😮 HP[+1]
You barely miss the manticore. The manticore closely misses you.
The manticore claws you but does no damage. x2
You hit the manticore. 😮 HP[+1]
You barely miss the manticore. The manticore bites you.
* * * LOW HITPOINT WARNING * * *
The manticore misses you.
The manticore claws you but does no damage. 😨 HP[-3]
You take 3 damage, and now have 35/70 hp.
You whack the manticore!
You carefully extract the barbed spikes from your body.
The manticore bites you!
* * * LOW HITPOINT WARNING * * *
The manticore claws you but does no damage. x2 😨 HP[-9]
You take 9 damage, and now have 26/70 hp.
You barely miss the manticore. 😨 HP[+1]
You whack the manticore! The manticore bites you!
* * * LOW HITPOINT WARNING * * *
The manticore claws you but does no damage. x2 😱 HP[-13]
You take 13 damage, and now have 14/70 hp.
Unknown command.
Aiming: Corrosive Bolt
Press: ? - help, Shift-Dir - straight line, f - manticore
Aim: a manticore (heavily wounded, 84% to hit)
The bolt of acid hits the manticore!
The acid corrodes the manticore!
The manticore bites you!
You die...

Skill      XL: |  1  2  3  4  5  6  7  8  9 10 |
---------------+-------------------------------+-----
Evocations     | 3 4 5 6 |  6.0
Maces & Flails | 2 3 5 7 9 10 | 10.2
Armour         | 3 5 7 9 10 | 10.0
Fighting       | |  0.8
Dodging        | |  0.8
Stealth        | |  0.8

Action                   |  1- 3 |  4- 6 |  7- 9 | 10-12 || total
-------------------------+-------+-------+-------+-------++-------
Melee: Club              |   148 |    95 |       |       ||   243
       Whip              |       |    73 |   211 |   156 ||   440
Throw: Stone             |       |       |     3 |     4 ||     7
 Cast: Summon Small Mamm |       |       |     8 |       ||     8
 Abil: Evoke Blink       |       |     1 |       |       ||     1
Evoke: Wand              |    19 |    12 |    26 |     7 ||    64
       Piece from Xom's  |     5 |    18 |    11 |     7 ||    41
  Use: Potion            |     1 |     5 |     1 |       ||     7
       Scroll            |     2 |     1 |     5 |     3 ||    11
 Stab: Sleeping          |     5 |       |     2 |       ||     7
       Paralysed         |     1 |    11 |    12 |       ||    24
       Petrified         |       |     8 |       |       ||     8
       Confused          |       |       |       |     1 ||     1
Armor: Leather armour    |    47 |    33 |    52 |    64 ||   196
       Skin              |       |     4 |       |       ||     4
Dodge: Dodged            |   113 |    94 |    77 |    61 ||   345
Block: Other             |       |       |       |     3 ||     3

Levels and vault maps discovered:
D:1:      dpeg_arrival_arbitrary_a, layout_basic
D:2:      layout_rooms, hellmonk_ecumenical_altar_blasted, grunt_ministairs_5,
          uniq_terence, uniq_sigmund, uniq_crazy_yiuf_cottage
D:3:      layout_basic, mainiacjoe_overflow_small_starburst, vehumet_crystals,
          overflow_temple_1_default, st_stairs_5, glass_columns_a,
          minmay_misc_feat_square
D:4:      layout_basic, mainiacjoe_overflow_brackets
D:5:      layout_loops_cross, mainiacjoe_overflow_concentric_impassable,
          cheibrodos_sewer_entry_drain, kennysheep_generic_room_13, uniq_ijyb
D:6:      layout_loops_ring, mainiacjoe_overflow_alcove_1, temple_statues,
          hangedman_decor_push, minmay_shop_grid_forest, grunt_ministairs_11,
          uniq_edmund
D:7:      layout_basic, mainiacjoe_overflow_surrounded_room, led_xom_imps,
          serial_shops, shop, nicolae_stop_n_shop_1, uniq_maggie
D:8:      layout_gridville, mainiacjoe_overflow_six_doors_small, trog_book,
          uniq_maurice, uniq_harold
D:9:      layout_cave_pods, lemuel_crystal_altar,
          mainiacjoe_overflow_tiny_flanked, minmay_shop_damaged
D:10:     layout_roguey, fedhas_altar_fruit_tree,
          gammafunk_ghost_wrathful_warriors, uniq_psyche, uniq_erica

Notes
Turn   | Place    | Note
-------+----------+-------------------------------------------
     0 | D:1      | spaghetti the Demigod Artificer began the quest for the
                  | Orb.
     0 | D:1      | Reached XP level 1. HP: 15/15 MP: 3/3
     0 | D:1      | magus.rc [v1.9.6]
   129 | D:1      | HP: 3/15 [frozen (1)]
   130 | D:1      | HP: 1/15 [frozen (2)]
   474 | D:1      | Reached skill level 3 in Evocations
   919 | D:1      | You fall into a shaft and drop 1 floor!
   925 | D:2      | Reached XP level 2. HP: 21/22 MP: 4/4
   928 | D:2      | You pick up a book of Callings and begin reading...
   928 | D:2      | You add the spells Summon Small Mammal, Call Canine
                  | Familiar and Summon Guardian Golem to your library.
  1172 | D:2      | Noticed Sigmund
  1416 | D:3      | HP: 5/22 [poisoned by an adder]
  1630 | D:3      | Reached XP level 3. HP: 12/27 MP: 5/5
  1805 | D:3      | HP: 6/27 [acid (10)]
  1808 | D:3      | Reached skill level 4 in Evocations
  2085 | D:3      | You pick up a book of Lightning and begin reading...
  2085 | D:3      | You add the spells Static Discharge, Lightning Bolt and
                  | Maxwell's Capacitive Coupling to your library.
  2901 | D:4      | Reached XP level 4. HP: 23/34 MP: 6/6
  2916 | D:4      | Reached skill level 5 in Evocations
  3179 | D:4      | Identified the +2 war axe "Munuog" {vorpal, +Blink rElec
                  | rPois}
  4211 | D:3      | HP: 8/34 [worm (10)]
  4589 | D:3      | HP: 8/34 [worm (9)]
  5478 | D:4      | Noticed an orc warrior
  5526 | D:4      | Reached XP level 5. HP: 18/39 MP: 7/7
  5688 | D:4      | Reached skill level 1 in Maces & Flails
  5701 | D:5      | Entered Level 5 of the Dungeon
  5744 | D:4      | Killed an orc warrior
  5745 | D:4      | Reached skill level 2 in Maces & Flails
  5745 | D:4      | Reached skill level 6 in Evocations
  5976 | D:4      | Reached XP level 6. HP: 46/46 MP: 8/8
  6062 | D:4      | Identified the +5 whip "Gooru" {elec, +Blink rC+}
  6582 | D:5      | Reached skill level 2 in Armour
  6850 | D:5      | Noticed Ijyb
  6856 | D:5      | Killed Ijyb
  6886 | D:5      | Reached skill level 3 in Maces & Flails
  7097 | D:5      | HP: 10/46 [poisoned by a scorpion]
  7512 | D:5      | Reached skill level 3 in Armour
  7512 | D:5      | Reached XP level 7. HP: 42/51 MP: 9/9
  7808 | D:5      | Reached skill level 4 in Maces & Flails
  8135 | D:6      | Found Qetul's Magic Scroll Boutique.
  8151 | D:6      | Reached skill level 4 in Armour
  8363 | D:6      | Noticed Edmund
  8882 | D:6      | Found a staircase to the Ecumenical Temple.
  9022 | D:6      | HP: 8/51 [wyvern skeleton (8)]
  9332 | D:6      | Reached skill level 5 in Maces & Flails
  9602 | D:6      | Learned a level 1 spell: Summon Small Mammal
  9607 | D:6      | Reached skill level 5 in Armour
  9607 | D:6      | Reached XP level 8. HP: 54/58 MP: 6/10
  9894 | D:7      | Found Joschilaa's Weapon Shop.
 10062 | D:6      | HP: 8/57 [wight (21)]
 10533 | D:7      | Reached skill level 6 in Maces & Flails
 10567 | D:7      | Noticed Maggie
 10589 | D:7      | Reached skill level 6 in Armour
 10745 | D:7      | HP: 11/58 [Maggie/bolt of fire (16)]
 10746 | D:7      | HP: 3/58 [Maggie (8)]
 11090 | D:7      | Killed Maggie
 11234 | D:7      | Noticed a komodo dragon
 11240 | D:7      | HP: 7/58 [komodo dragon (17)]
 11246 | D:7      | Reached skill level 7 in Maces & Flails
 11246 | D:7      | Reached skill level 7 in Armour
 11246 | D:7      | Reached XP level 9. HP: 5/63 MP: 11/11
 11887 | D:7      | Found Faemiren's Armour Emporium.
 11892 | D:7      | Bought a +2 pair of boots for 214 gold pieces
 12066 | D:8      | Noticed a boulder beetle
 12082 | D:8      | Killed a boulder beetle
 12083 | D:8      | Reached skill level 8 in Maces & Flails
 12148 | D:8      | You pick up a book of Burglary and begin reading...
 12148 | D:8      | You add the spells Passwall and Swiftness to your library.
 12222 | D:8      | Learned a level 3 spell: Swiftness
 12290 | D:8      | Reached skill level 8 in Armour
 12474 | D:8      | Noticed Harold
 12489 | D:8      | Killed Harold
 12702 | D:8      | You pick up a book of Touch and begin reading...
 12702 | D:8      | You add the spells Sticky Flame and Dispel Undead to your
                  | library.
 12956 | D:8      | Noticed Maurice
 13037 | D:8      | Killed Maurice
 13038 | D:8      | Reached skill level 9 in Maces & Flails
 13299 | D:9      | Reached skill level 9 in Armour
 13299 | D:9      | Reached XP level 10. HP: 63/70 MP: 13/13
 13830 | D:9      | Found Ette's Lightly-Used Armoury.
 14477 | D:10     | Entered Level 10 of the Dungeon
 14545 | D:10     | Noticed a moth of wrath
 14546 | D:10     | Noticed a tengu warrior
 14547 | D:10     | Noticed Deeps's ghost (journeyman MiFi)
 14547 | D:10     | Noticed a two-headed ogre
 14554 | D:10     | Found a transporter.
 14555 | D:10     | Noticed a cyclops
 14595 | D:10     | Killed a cyclops
 14596 | D:10     | Reached skill level 10 in Maces & Flails
 14676 | D:10     | Reached skill level 10 in Armour
 14728 | D:10     | Noticed a manticore
 14739 | D:10     | HP: 14/70 [manticore (13)]
 14740 | D:10     | Slain by a manticore

Vanquished Creatures
  Harold (D:8)
  A boulder beetle (D:8)
  A cyclops (D:10)
  Maurice (D:8)
  Maggie (D:7)
  A komodo dragon (D:7)
  A hornet (D:9)
  6 yaks (D:9)
  A water moccasin (D:7)
  4 orc warriors
  An ice beast (D:5)
  3 sky beasts
  4 centaurs
  3 necrophages
  A kobold brigand (D:9)
  A scorpion (D:5)
  2 water moccasin zombies (D:6)
  A wyvern skeleton (D:6)
  A water moccasin skeleton (D:5)
  6 killer bees (D:10)
  5 wights
  A howler monkey (D:5)
  4 crimson imps (D:7)
  2 centaur zombies
  A hound (D:7)
  2 jellies
  3 orc priests
  Ijyb (D:5)
  A bullfrog skeleton (D:6)
  4 iguanas
  8 orc wizards
  A hound skeleton (D:5)
  4 adders
  3 gnolls (D:5)
  A shadow imp (D:6)
  A white imp (D:6)
  23 orcs
  2 ball pythons
  5 endoplasms
  3 giant cockroaches
  6 goblins
  7 hobgoblins
  4 quokkas
  4 bats
  2 frilled lizards
  9 kobolds
  5 rats
153 creatures vanquished.

Vanquished Creatures (collateral kills)
  A wight (D:6)
  An orc wizard (D:4)
  3 orcs (D:4)
  A kobold (D:3)
6 creatures vanquished.

Vanquished Creatures (others)
  An orc priest (D:4)
  A goblin (D:2)
2 creatures vanquished.

Grand Total: 161 creatures vanquished

Table legend:
 A = Non-vault XP
 B = Vault XP
 C = Vault XP percentage of total XP
 D = Non-vault monster count
 E = Vault monster count
 F = Vault count percentage of total count
                 A         B        C        D         E       F
            +---------+---------+-------+---------+---------+-------
      Total |    7397 |    2096 |  22.1 |     143 |      17 |  10.6
            +---------+---------+-------+---------+---------+-------
        D:1 |      14 |       0 |   0.0 |       8 |       0 |   0.0
        D:2 |      11 |       0 |   0.0 |       7 |       0 |   0.0
        D:3 |      84 |       5 |   5.6 |      18 |       3 |  14.3
        D:4 |     391 |       0 |   0.0 |      19 |       0 |   0.0
        D:5 |     415 |     111 |  21.1 |      14 |       5 |  26.3
        D:6 |     796 |      72 |   8.3 |      13 |       2 |  13.3
        D:7 |    1102 |     568 |  34.0 |      18 |       5 |  21.7
        D:8 |    1350 |    1340 |  49.8 |      11 |       2 |  15.4
        D:9 |    2317 |       0 |   0.0 |      28 |       0 |   0.0
       D:10 |     917 |       0 |   0.0 |       7 |       0 |   0.0
            +---------+---------+-------+---------+---------+-------

Illustrated notes

Table legend:
 A = Kills in this place as a percentage of kills in entire the game.
 B = Kills by you in this place as a percentage of kills by you in the entire game.
 C = Kills by friends in this place as a percentage of kills by friends in the entire game.
 D = Other kills in this place as a percentage of other kills in the entire game.
 E = Experience gained in this place as a percentage of experience gained in the entire game.
 F = Experience gained in this place divided by the number of levels of this place that you have seen.
                   A       B       C       D       E      F
               +-------+-------+-------+-------+-------+----------------------
         Total | 100.0 | 100.0 | 100.0 | 100.0 | 100.0 | 949.3
       Dungeon | 100.0 | 100.0 | 100.0 | 100.0 | 100.0 | 949.3
               +-------+-------+-------+-------+-------+----------------------

Table legend: (Time is in decaauts)
 A = Elapsed time spent in this place.
 B = Non-inter-level travel time spent in this place.
 C = Inter-level travel time spent in this place.
 D = Time resting spent in this place.
 E = Time spent auto-exploring this place.
 F = Levels seen in this place.
 G = Mean time per level.
                   A        B        C        D        E       F      G
               +--------+--------+--------+--------+--------+-----+--------+
         Total |  14700 |  14287 |    413 |   6931 |   5312 |  10 | 1470.0 |
       Dungeon |  14700 |  14287 |    413 |   6931 |   5312 |  10 | 1470.0 |
               +--------+--------+--------+--------+--------+-----+--------+

Top non-repeatable levels by time:
     D:3: 2692 daAuts
     D:6: 2668 daAuts
     D:4: 2516 daAuts
     D:7: 1459 daAuts
     D:5: 1352 daAuts
     D:9: 1211 daAuts
     D:8: 1141 daAuts
     D:1: 930 daAuts
     D:2: 484 daAuts
    D:10: 242 daAuts
